Map: Submarine LE

Players

space - Winner!

  • Race: Zerg Zerg
  • League: Platinum
  • Spawn Location: 11:00

Massa

  • Race: Terran Terran
  • League: Platinum
  • Spawn Location: 5:00

VOD

Have the link to the VOD?

Description

Time

  • Played on: Jan. 12, 2021, 11:42 a.m.
  • Length: 12:19
Show
View Real Time Build Order
Export as new Build Order

space Zerg - Winner!

Build Orders: Hatch First 

Get SALT Encoding   

  12  0:01  Drone  
  13  0:13  Overlord  
  13  0:19  Drone  
  14  0:23  Extractor  
  14  0:24  Drone  
  15  0:46  Hatchery  
  14  0:51  Drone  
  14  0:55  Drone  
  16  1:13  Spawning Pool  
  16  1:15  Extractor  
  16  1:16  Drone  
  15  1:19  Drone  
  15  1:23  Drone  
  17  1:28  Drone  
  18  1:39  Drone  
  19  2:12  Drone  
  19  2:13  Drone x4  
  19  2:14  Queen  
  19  2:15  Queen  
  28  2:29  Overlord x2  
  28  2:46  Metabolic Boost  
  28  2:50  Zergling x2  
  28  2:51  Zergling x6  
  32  2:57  Zergling x4  
  34  3:08  Drone x2  
  36  3:27  Hatchery  
  35  3:35  Drone x2  
  35  3:36  Drone x7  
  35  3:41  Extractor  
  43  3:50  Roach Warren, Evolution Chamber  
  41  4:08  Extractor  
  41  4:09  Lair  
  40  4:16  Extractor, Zerg Missile Weapons Level 1  
  39  4:23  Drone x5  
  44  4:25  Overlord  
  44  4:36  Evolution Chamber  
  38  5:07  Roach x2  
  38  5:08  Roach x7  
  38  5:09  Roach  
  38  5:13  Overlord x3  
  57  5:28  Drone  
  57  5:31  Queen  
  60  5:37  Roach  
  60  5:38  Roach x5  
  60  5:42  Zerg Ground Armor Level 1  
  72  5:46  Drone x2  
  74  5:57  Roach x2  
  74  5:58  Roach x2  
  74  5:59  Overlord x2  
  74  6:00  Overlord  
  82  6:05  Overseer  
  82  6:12  Overlord x3  
  80  6:39  Roach  
  86  6:40  Roach x7  
  96  6:56  Roach x4  
  96  6:57  Roach x2  
  96  6:58  Overlord  
  108  7:32  Roach  
  108  7:33  Roach x8  
  108  7:34  Roach x2  
  126  8:00  Queen  
  128  8:07  Hydralisk Den  
  128  8:09  Drone x5  
  128  8:10  Drone x6  
  136  8:13  Overlord  
  86  9:14  Spore Crawler  
  86  9:16  Hydralisk x4  
  86  9:17  Hydralisk x7, Spore Crawler x2  
  88  9:18  Hydralisk x3  
  99  9:46  Drone  
  99  9:47  Drone x7  
  99  9:48  Drone  
  106  9:56  Spore Crawler  
  106  9:59  Spore Crawler  
  100  10:00  Spore Crawler  
  93  10:19  Hydralisk x4, Roach x5  
  93  10:20  Hydralisk  
  103  10:28  Spore Crawler  
  102  10:31  Spore Crawler  
  102  10:32  Spore Crawler  
  102  10:34  Extractor  
  102  10:35  Hydralisk x2  
  99  10:36  Roach x2  
  99  10:37  Roach x2  
  111  10:55  Hydralisk x2  
  111  10:56  Hydralisk x4  
Show
View Real Time Build Order
Export as new Build Order

Massa Terran 

Build Orders: 2 Factory 

Get SALT Encoding   

  12  0:00  SCV  
  13  0:12  SCV  
  14  0:18  Supply Depot  
  14  0:24  SCV  
  15  0:41  Barracks  
  16  0:48  SCV  
  16  0:52  Refinery  
  16  1:00  SCV  
  16  1:01  Refinery  
  17  1:12  SCV  
  18  1:28  Marine  
  18  1:31  Orbital Command  
  19  1:59  Factory  
  19  2:05  SCV  
  20  2:17  SCV  
  21  2:31  SCV  
  22  2:41  Supply Depot  
  22  2:46  Factory Tech Lab  
  22  2:47  Barracks Reactor  
  22  2:50  Factory  
  22  2:51  SCV  
  23  3:02  Command Center  
  23  3:07  Hellion, Infernal Pre-Igniter  
  25  3:17  Starport  
  24  3:28  Hellion  
  26  3:39  SCV  
  27  3:44  Barracks Tech Lab, Hellion  
  29  3:51  Hellion  
  31  3:56  Supply Depot  
  31  4:10  Supply Depot  
  31  4:13  SCV, Hellion  
  31  4:14  Medivac  
  36  4:19  Hellion  
  36  4:23  Hellion  
  40  4:35  Hellion  
  42  4:41  Hellion  
  44  4:52  Hellion  
  46  4:56  Hellion  
  48  5:02  Orbital Command, Hellion  
  50  5:13  Hellion, Marine  
  53  5:18  Hellion  
  55  5:34  SCV x2  
  57  5:43  Armory  
  57  5:46  SCV x2, Engineering Bay  
  59  5:59  Siege Tank  
  62  6:07  Supply Depot  
  62  6:28  Marine  
  62  6:29  Widow Mine x2, SCV x2  
  69  6:41  SCV  
  70  6:58  Starport Tech Lab, Supply Depot  
  70  6:59  Supply Depot x3  
  70  7:02  Supply Depot  
  70  7:03  Missile Turret  
  70  7:07  Starport  
  70  7:12  Terran Infantry Weapons Level 1  
  70  7:14  Barracks  
  70  7:15  Missile Turret  
  70  7:19  SCV x2, Marine, Siege Tank  
  70  7:20  Widow Mine  
  78  7:31  SCV x2  
  80  7:43  SCV x2  
  66  7:54  Marauder  
  66  7:56  SCV  
  57  8:04  Banshee  
  57  8:05  Starport Reactor  
  60  8:06  Starport Tech Lab  
  60  8:12  Barracks  
  60  8:16  Marauder, Command Center  
  60  8:17  Barracks  
  58  8:21  Barracks  
  39  9:04  Orbital Command  
  39  9:05  Marine  
  39  9:07  Marine  
  33  9:23  Marauder, Marine  
  34  9:24  Marine  
  29  9:34  SCV  
  29  9:44  Marauder  
  31  9:46  SCV  
  31  9:52  Factory  
  32  9:56  Factory  
  32  9:58  SCV  
  32  9:59  Orbital Command  
  30  10:06  Marauder  
  31  10:09  Stimpack  
  31  10:11  SCV  
  26  10:23  SCV  
  27  10:29  Marauder, Marine  
  27  10:34  SCV  
  27  10:35  SCV  
  32  10:37  Supply Depot  
  32  10:46  SCV  
  32  10:47  SCV, Marine  
  32  10:49  Barracks  
  35  10:50  Marauder  
  35  10:52  Barracks  
  37  10:57  Starport  
  37  10:58  SCV  
  37  10:59  SCV  
  37  11:01  Starport  
  36  11:07  Hellion x3  
  36  11:10  SCV  
  43  11:11  Marine  
  43  11:12  Marine  
  43  11:15  SCV  
  43  11:16  SCV  
  47  11:26  SCV  
  47  11:27  SCV  
  47  11:28  Hellion  
  47  11:29  Hellion x2, Marine  
  46  11:53  Marauder, Marine x2  
  46  11:54  Marine  
Tags
 
Add a new tag
Caveats
  • Supply blocks, unpowered buildings, or Contaminate may cause inaccurate times.
  • Supply counts are checked every 10 seconds.